Zazza, neutral female human Tourist ##########` -------------- ---------- ------ # -------# ------ |.............#####.........| |....|### |.....-# |....| |.........>..| |........| |.....#####|.....|# |....| |........`...| ##-........| |....| #......|# |.....#####..............# # |........| ------ #|.....|#######.....| --------------###` |........| #-------# --.-.- # ## ------.--- ########################################## # # # # ### # ### # # # # # # # # # ###################### ## - --------@ # # #-.-----.---- |........Bf # # #|..........| |........| # ----|--------- #|..........| |........| # |............| #-..........| |.....F..| ### |...........{| |........<.| ---------- # |..........>.. ------------ ##.............| -------------- Zazza the Rambler Experience level: 1 Strength: 15 Dexterity: 10 Constitution: 16 Intelligence: 10 Wisdom: 7 Charisma: 18 Health: 0(10) Energy: 2(2) Def: 1 Gold: 535 Moves: 1891 Dungeon seed: ajMnfHfx-jGJIp3z Game ID: Zazza_1606747134 Your Inventory: Coins $ - 535 gold pieces Weapons a - 30 +2 darts x - a +0 orcish short sword D - a +2 orcish dagger (weapon in hand) Armor e - a blessed +0 Hawaiian shirt q - a cursed -1 pair of fumble boots y - an uncursed +0 orcish helm (being worn) Comestibles b - 5 uncursed food rations d - an uncursed sprig of wolfsbane f - an uncursed banana g - 3 uncursed eggs Scrolls j - 3 uncursed scrolls of magic mapping k - a blessed scroll of magic mapping B - an uncursed scroll of genocide C - an uncursed scroll of confuse monster E - an uncursed scroll of gold detection Spellbooks J - an uncursed spellbook of magic missile Potions i - 2 uncursed potions of extra healing p - an uncursed potion of sickness t - an uncursed potion of paralysis v - an uncursed potion of water w - an uncursed potion of fruit juice G - a cursed potion of invisibility Rings o - an uncursed ring of poison resistance (on left hand) Tools l - an expensive camera (0:53) m - an uncursed credit card A - an uncursed tin whistle Gems n - an uncursed worthless piece of yellowish brown glass r - 2 uncursed worthless pieces of blue glass Spells and supernatural/magical abilities: Name Level Category Fail Memory m - magic missile 2 attack 100% 100% W - pray for help -- divine ? -- Your skills at the end: Fighting Skills Weapon Skills dart [Basic] Spellcasting Skills Final Attributes: You were stridently aligned. You were poison resistant. You were lucky. You are dead. Vanquished creatures: an acid blob a hobbit a large kobold 2 geckos 6 jackals a kobold a goblin 2 sewer rats 4 grid bugs 8 lichens 4 kobold zombies 4 newts 35 creatures vanquished. Voluntary challenges: You were vegetarian. You used a wielded weapon 1 time, starting on turn 1696. You read items or engraved 3 times, starting on turn 1791. You never genocided any monsters. You never polymorphed an object. You never changed form. You used no wishes. You never split a pudding. You never wrote Elbereth's name. You never violated your personal moral code. Dungeon overview: The Dungeons of Doom: levels 1 to 4 Level 1 an altar to The Lady, a sink a long staircase Level 2 Level 3 Level 4 <- You were here a fountain a long staircase History has recorded: On T:1 you entered the Dungeons of Doom to retrieve the Amulet of Yendor! On T:431 you reached level 2 of The Dungeons of Doom. On T:1071 you reached level 3 of The Dungeons of Doom. On T:1449 you reached level 4 of The Dungeons of Doom. Score breakdown: Gold: 396 ( 8840 points) Experience: 1 level ( 0 points) Exploration: 4 levels ( 7.55%) ( 7205 points) Discoveries: 2 items ( 0.67%) ( 2457 points) Valuables value: (no points given unless you survive) Artifact value: 0 ( 0 points) Variety of kills: 12 monsters ( 3.15%) ( 5324 points) Turncount: 1891 turns ( 0 points) Survival: died (score multiplied by 80%) Total score: 19060 Latest messages: You feel threatened. You can move again. You displace Armand. $ - 77 gold pieces. You begin to memorize the runes. You add the "magic missile" spell to your repertoire. You displace Armand. You start removing your iron skull cap. You take off your iron skull cap. You start equipping your iron skull cap. You are now wearing an iron skull cap. You displace Armand. The bat bites! (3x) Armand misses the bat. You displace Armand. The bat bites! Armand bites the bat. The bat misses Armand. The bat bites! You die... Final status: Aloha Zazza the Tourist, killed by a bat... You died in The Dungeons of Doom on dungeon level 4 with 19060 points, and 535 pieces of gold, after 1891 moves. You were level 1 with a maximum of 10 hit points when you died.